 Dungeon Crawl Stone Soup version 0.19.1-1-g22dce08 (webtiles) character file.

6316 paradoxae the Slicer (level 11, -10/67 HPs)
             Began as a Kobold Berserker on Jan 4, 2017.
             Was a Priest of Trog.
             Mangled by Snorg (15 damage)
             ... on level 9 of the Dungeon.
             The game lasted 00:47:10 (10133 turns).

paradoxae the Slicer (Kobold Berserker)            Turns: 10133, Time: 00:47:11

Health: -10/67     AC: 11    Str: 16    XL:     11   Next: 16%
Magic:  0/20       EV: 20    Int:  8    God:    Trog [***...]
Gold:   568        SH: 11    Dex: 17    Spells: 0 memorised, 10 levels left

rFire  . . .     SeeInvis .     a - +0 rapier
rCold  . . .     Gourm    .     y - +4 moon troll leather armour {Spirit, Regen++ MP+5}
rNeg   . . .     Faith    .     D - +0 buckler
rPois  .         Spirit   +     (no helmet)
rElec  .         Reflect  +     h - +0 cloak
rCorr  .         Harm     .     G - +0 pair of gloves
MR     .....                    (no boots)
Stlth  +.........               M - +5 amulet of reflection
                                (no ring)
                                E - ring of flight

@: hasted, very quick
A: carnivore 3
a: Berserk, Trog's Hand, Burn Spellbooks, Renounce Religion, Evoke Flight


You were on level 9 of the Dungeon.
You worshipped Trog.
Trog was most pleased with you.
You were completely stuffed.

You visited 1 branch of the dungeon, and saw 10 of its levels.

You collected 568 gold pieces.

Inventory:

Hand Weapons
 a - a +0 rapier (weapon)
Missiles
 j - 6 tomahawks (quivered)
 n - 6 needles of sleeping
Armour
 h - a +0 cloak (worn)
 y - the +4 moon troll leather armour (worn) {Spirit, Regen++ MP+5}
   (You found it on level 4 of the Dungeon)

   It affects your magic capacity (+5).
   It increases your rate of regeneration.
 D - a +0 buckler (worn)
 G - a +0 pair of gloves (worn)
Jewellery
 E - a ring of flight (left hand)
 H - an uncursed amulet of faith
 M - a +5 amulet of reflection (around neck)
Wands
 b - a wand of slowing (25/48)
 f - a wand of iceblast (9/15)
 A - a wand of acid (3/15)
 I - a wand of flame (25/48)
 J - a wand of heal wounds (9/9)
Scrolls
 g - 12 scrolls of identify
 i - a scroll of teleportation
 k - a scroll of amnesia
 l - a scroll of random uselessness
 p - 2 scrolls of remove curse
Potions
 d - a potion of haste
 e - a potion of ambrosia
 r - a potion of curing
 s - a potion of invisibility
 t - a potion of might
 v - a potion of mutation
 B - 2 potions of resistance
 N - a potion of brilliance
Comestibles
 c - 3 meat rations
 m - 5 chunks of flesh
 C - 9 slices of pizza


   Skills:
 + Level 7.5 Fighting
 + Level 9.1 Short Blades
 + Level 7.1 Throwing
 + Level 5.2 Armour
 + Level 7.7 Dodging
 * Level 5.4 Shields
 * Level 5.8 Evocations


You had 10 spell levels left.
You didn't know any spells.

Dungeon Overview and Level Annotations

Branches:
Dungeon (10/15)            Temple (0/1) D:4            Lair (0/6) D:9
    Orc (0/2) D:9

Altars:
Ashenzari
Cheibriados
Fedhas
Hepliaklqana
Uskayaw
Vehumet

Shops:
D:5 [   D:8 }

Portals:
Trove: D:10 (give +2 gold dragon scales)

Annotations:
D:9 Snorg


Innate Abilities, Weirdness & Mutations

You are small and have problems with some larger weapons.
You are carnivorous and can eat meat at any time.


Message History

The centaur warrior shoots an arrow.
You reflect the arrow off an invisible shield around you!
The arrow hits the centaur warrior!!
The centaur warrior dies!
Your Short Blades skill increases to level 9!
Snorg misses you. You block Snorg's attack. x2
You block Snorg's attack. Snorg claws you! Snorg barely misses you.
You block Snorg's attack. Snorg barely misses you. You block Snorg's attack.
Snorg bites you!
* * * LOW HITPOINT WARNING * * *
Snorg misses you. Snorg claws you!
* * * LOW HITPOINT WARNING * * *
There is a stone staircase leading up, spattered with blood here.
You aren't carrying or standing over any spellbooks.
You block Snorg's attack. x2; Snorg claws you!
* * * LOW HITPOINT WARNING * * *
You climb upwards.
There is a stone staircase leading down here.
You feel yourself speed up. Snorg bites you!
You die...

.................................
.................................
..........................#######
..........................#
..........................#
..........................#
..........................#
..........................#
.....%..........@T........#
..........................#
......_...................#######
.................................
<................[...............
.................................
..###############..#####.####..##
..# #)[# #..# #..# ..# #.)# ##.#
#..#


You could see Snorg (berserk).

Vanquished Creatures
  An ugly thing (D:9)
  A centaur zombie (D:8)
  3 hippogriffs (D:9)
  A human (D:7)
  A steam dragon (D:8)
  4 hogs (D:7)
  Edmund (D:4)
  2 hell hounds (D:9)
  2 sky beasts
  3 ice beasts
  4 orc warriors (D:9)
  A black bear (D:9)
  4 ogres
  A bullfrog (D:6)
  2 scorpions
  6 killer bees (D:9)
  2 water moccasin skeletons
  4 howler monkeys
  8 wights (D:9)
  An electric eel (D:7)
  A crimson imp (D:8)
  A hound (D:6)
  Crazy Yiuf (D:2)
  5 jellies
  3 orc priests
  2 orc wizards
  Natasha (thrice) (D:2)
  2 iguanas
  2 worker ants
  Ijyb (D:2)
  A mummy (D:5)
  A worker ant zombie (D:5)
  A howler monkey skeleton (D:8)
  13 adders
  An ooze (D:3)
  An adder zombie (D:6)
  An adder skeleton (D:5)
  4 worms
  5 leopard geckos
  35 orcs
  2 ball pythons
  3 giant cockroaches
  12 goblins
  12 hobgoblins
  5 jackals
  3 quokkas
  14 bats
  5 frilled lizards
  7 kobolds
  6 rats
205 creatures vanquished.

Vanquished Creatures (others)
  A centaur warrior (D:10)
  A centaur (D:9)
  An orc (D:7)
  A bat (D:3)
  A quokka (D:3)
5 creatures vanquished.

Grand Total: 210 creatures vanquished

Notes
Turn   | Place    | Note
-------+----------+-------------------------------------------
     0 | D:1      | paradoxae the Kobold Berserker began the quest for the Orb.
     0 | D:1      | Reached XP level 1. HP: 14/14 MP: 1/1
   145 | D:1      | Reached skill level 1 in Throwing
   145 | D:1      | Reached XP level 2. HP: 18/19 MP: 2/2
   373 | D:1      | Reached XP level 3. HP: 21/23 MP: 3/3
   976 | D:2      | Noticed Ijyb
  1014 | D:2      | Killed Ijyb
  1014 | D:2      | Reached ** piety under Trog
  1014 | D:2      | Reached XP level 4. HP: 29/29 MP: 4/4
  1107 | D:2      | Noticed Natasha
  1115 | D:2      | Killed Natasha
  1174 | D:2      | Noticed Natasha
  1188 | D:2      | Killed Natasha
  1188 | D:2      | Reached XP level 5. HP: 33/33 MP: 5/5
  1394 | D:2      | Found a hazy altar of Hepliaklqana.
  1785 | D:2      | Found a runed door.
  1958 | D:2      | Noticed Natasha
  1970 | D:2      | Killed Natasha
  2446 | D:2      | Noticed Crazy Yiuf
  2460 | D:2      | Killed Crazy Yiuf
  2460 | D:2      | Reached skill level 5 in Short Blades
  2460 | D:2      | Reached XP level 6. HP: 38/38 MP: 3/6
  2686 | D:3      | Found a radiant altar of Vehumet.
  3059 | D:3      | Reached *** piety under Trog
  3235 | D:3      | Found a blossoming altar of Fedhas.
  3324 | D:4      | Noticed Edmund
  3343 | D:4      | Killed Edmund
  3343 | D:4      | Reached XP level 7. HP: 36/44 MP: 7/7
  3705 | D:4      | Found a staircase to the Ecumenical Temple.
  4312 | D:5      | Entered Level 5 of the Dungeon
  4579 | D:5      | Found a snail-covered altar of Cheibriados.
  4610 | D:5      | Reached skill level 5 in Fighting
  4664 | D:5      | Reached skill level 6 in Short Blades
  4664 | D:5      | Reached XP level 8. HP: 43/49 MP: 8/8
  4841 | D:5      | Found Xerilal's Armour Shop.
  4911 | D:5      | Reached skill level 5 in Dodging
  5924 | D:6      | Reached skill level 1 in Shields
  6300 | D:6      | Reached skill level 7 in Short Blades
  6300 | D:6      | Reached skill level 5 in Throwing
  6542 | D:7      | Reached XP level 9. HP: 48/55 MP: 9/9
  7834 | D:8      | Reached skill level 8 in Short Blades
  8194 | D:8      | Found Cifeth's Gadget Shoppe.
  8295 | D:8      | Received a gift from Trog
  8295 | D:8      | Reached skill level 1 in Evocations
  8440 | D:8      | Found a hide-covered altar of Uskayaw.
  8440 | D:8      | Found a shattered altar of Ashenzari.
  8504 | D:8      | Reached XP level 10. HP: 53/61 MP: 11/11
  8578 | D:9      | Found a snail-covered altar of Cheibriados.
  8591 | D:9      | Reached **** piety under Trog
  8639 | D:9      | Found a staircase to the Lair.
  8956 | D:9      | Noticed a purple ugly thing
  9005 | D:9      | Killed a purple ugly thing
  9265 | D:9      | Reached skill level 5 in Armour
  9462 | D:9      | Reached skill level 5 in Shields
  9562 | D:9      | Reached skill level 5 in Evocations
  9629 | D:9      | Found a staircase to the Orcish Mines.
  9750 | D:9      | Reached XP level 11. HP: 22/67 MP: 3/14
  9812 | D:9      | Received a gift from Trog
 10094 | D:10     | Entered Level 10 of the Dungeon
 10097 | D:10     | Found a portal to a secret trove of treasure.
 10100 | D:10     | Noticed a centaur warrior
 10107 | D:10     | Noticed Snorg
 10123 | D:10     | Killed a centaur warrior
 10123 | D:10     | Reached skill level 9 in Short Blades
 10131 | D:10     | HP: 2/67 [Snorg (8)]
 10133 | D:9      | Mangled by Snorg

Skill      XL: |  1  2  3  4  5  6  7  8  9 10 11 |
---------------+----------------------------------+-----
Throwing       | 1 2 3 4 5 6 7 |  7.1
Armour         | 2 3 4 5 |  5.2
Dodging        | 3 4 5 6 7 |  7.7
Fighting       | 4 5 6 7 |  7.5
Short Blades   | 5 6 7 8 9 |  9.1
Shields        | 1 4 5 |  5.4
Evocations     | 2 5 |  5.8

Action                   |  1- 3 |  4- 6 |  7- 9 | 10-12 || total
-------------------------+-------+-------+-------+-------++-------
Melee: Short sword       |   149 |   284 |   193 |       ||   626
       Rapier            |       |       |   332 |   419 ||   751
Throw: Tomahawk          |       |       |     1 |       ||     1
Invok: Berserk           |       |     4 |     3 |     5 ||    12
       Trog's Hand       |       |     1 |     1 |     5 ||     7
       Burn Spellbooks   |       |       |     2 |       ||     2
  Use: Potion            |       |     3 |     1 |     7 ||    11
       Scroll            |       |       |       |    12 ||    12
 Stab: Sleeping          |       |       |     1 |       ||     1
  Eat: Chunk             |     9 |    11 |    20 |    14 ||    54
Armor: Animal skin       |     2 |       |       |       ||     2
       Ring mail         |    38 |    16 |       |       ||    54
       Scale mail        |       |    64 |       |       ||    64
       Troll leather arm |       |       |    86 |    71 ||   157
       Chain mail        |       |       |     5 |       ||     5
Dodge: Dodged            |   141 |   178 |   260 |   264 ||   843
Block: Buckler           |       |       |    46 |   223 ||   269
       Reflection        |       |       |       |     7 ||     7
